 Seeded DCSS version 0.28-a0-1567-g1695149f81 (webtiles) character file.

Game seed: 263 (custom seed)

1047 knot the Cleaver (level 8, -2/58 HPs)
             Began as a Demonspawn Berserker on Jan 20, 2022.
             Was a Believer of Trog.
             Slain by a mummy (14 damage)
             ... in an ossuary.
             The game lasted 00:06:42 (5730 turns).

knot the Cleaver (Demonspawn Berserker)             Turns: 5730, Time: 00:06:43

Health: -2/58      AC:  5    Str: 17    XL:     8   Next: 5%
Magic:  8/8        EV: 26    Int: 18    God:    Trog [**....]
Gold:   313        SH:  0    Dex: 12    Spells: 7/7 levels left

rFire   . . .      SeeInvis .   a - +1 hand axe
rCold   . . .      Faith    .   (no shield)
rNeg    . . .      Spirit   .   m - +0 ring mail
rPois   .          Reflect  .   (no helmet)
rElec   .          Harm     .   n - scarf {repulsion}
rCorr   .          Rampage  .   (no gloves)
Will    ++...                   (no boots)
Stlth   +.........              q - amulet of the acrobat
HPRegen 1.19/turn               e - +4 ring of slaying
MPRegen 0.11/turn               (no ring)

@: strong-willed, on berserk cooldown, acrobatic, regenerating, repel missiles
A: claws 2, big brain 3
a: Renounce Religion, Berserk, Trog's Hand


You were in an ossuary.
You worshipped Trog.
Trog was pleased with you.
You visited 1 branch of the dungeon, and saw 5 of its levels.
You also visited: Ossuary.

You collected 313 gold pieces.

Inventory:

Hand Weapons
 a - a +1 hand axe (weapon)
Missiles
 d - 185 stones
 g - 35 sling bullets
 h - 8 poisoned darts
 o - 5 javelins
 s - a boomerang
Armour
 m - a +0 ring mail (worn)
 n - a scarf of repulsion (worn)
Jewellery
 e - a +4 ring of slaying (left claw)
 q - an amulet of the acrobat (around neck)
Wands
 k - a wand of polymorph (11)
Scrolls
 b - 4 scrolls of identify
 i - a scroll of vulnerability
Potions
 c - 3 potions of attraction
 f - a potion of ambrosia {unknown}
 j - a potion of invisibility {unknown}


   Skills:
 - Level 3.0 Fighting
 + Level 9.1 Axes
 - Level 1.7 Armour
 - Level 1.7 Dodging


You had 7 spell levels left.
You didn't know any spells.
Your spell library contained the following spells:

 Spells                   Type           Power      Damage    Failure   Level
 Animate Skeleton         Necr           0%         N/A       16%         1
 Beastly Appendage        Tmut           0%         N/A       16%         1
 Pain                     Necr           0%         1d4       16%         1
 Wereblood                Tmut           0%         N/A       24%         2
 Call Canine Familiar     Summ           0%         N/A       41%         3
 Portal Projectile        Hex/Tloc       0%         N/A       41%         3
 Spider Form              Tmut/Pois      0%         N/A       41%         3
 Vampiric Draining        Necr           0%         2d6       41%         3
 Leda's Liquefaction      Hex/Erth       0%         N/A       80%         4


Dungeon Overview and Level Annotations

Branches:
Dungeon (5/15)            Ossuary (1/1)
 Temple: D:4-7

Altars:
Makhleb
Nemelex Xobeh
Qazlal
Sif Muna
Xom


Innate Abilities, Weirdness & Mutations

You have very sharp fingernails.
You have an absolutely massive brain. (Int +6, Wiz)


Message History

The mummy hits you!
* * * LOW HITPOINT WARNING * * *
The mummy misses you. x2
You're still recovering from your berserk rage.
Unknown command.
Your skin crawls.
You feel strong-willed. The mummy hits you.
* * * LOW HITPOINT WARNING * * *
The mummy closely misses you.
The mummy misses you. x2; The mummy completely misses you.
The mummy completely misses you. The mummy closely misses you.
The mummy completely misses you. The mummy closely misses you.
The mummy completely misses you. The mummy barely misses you.
The mummy completely misses you. x2
You feel the effects of Trog's Hand fading.
The mummy hits you but does no damage. The mummy completely misses you.
The mummy misses you. The mummy completely misses you.
The mummy barely misses you.
The mummy misses you. x2; The mummy completely misses you.
The mummy completely misses you. The mummy misses you. The mummy hits you.
You feel yourself speed up.
Your skin stops crawling.
You feel less strong-willed.
The mummy misses you. x2; The mummy hits you but does no damage.
Your skin crawls.
You feel strong-willed. The mummy misses you.
The mummy completely misses you. x2
The mummy closely misses you. The mummy barely misses you.
The mummy misses you. The mummy barely misses you.
The mummy completely misses you. x2
The mummy hits you!
* * * LOW HITPOINT WARNING * * *
The mummy hits you!
* * * LOW HITPOINT WARNING * * *
The mummy misses you. The mummy barely misses you.
The mummy closely misses you. The mummy completely misses you.
The mummy misses you. The mummy hits you!
You die...

# #####
+.#ZM@#
#.'.MM#
+.#...#
# #####


You could see 3 mummies and a bullfrog zombie.

Vanquished Creatures
  A water moccasin (D:5)
  An ogre (D:5)
  2 black bears (D:5)
  A centaur (D:5)
  2 phantoms
  A bullfrog (D:3)
  2 scorpions
  An orc priest (D:4)
  An iguana (D:4)
  Ijyb (D:5)
  A mummy (D:5)
  4 gnolls
  5 adders
  2 shadow imps (D:5)
  An ufetubus (D:4)
  An adder skeleton (D:4)
  A worm (D:2)
  10 orcs
  2 endoplasms
  3 giant cockroaches
  6 hobgoblins
  8 kobolds
  3 quokkas
  7 ball pythons
  A bat (D:3)
  8 frilled lizards
  6 goblins
  2 rats
84 creatures vanquished.

Vanquished Creatures (others)
  5 dream sheep (D:5)
  13 plants (D:4)
  2 withered plants (Ossuary)
20 creatures vanquished.

Grand Total: 104 creatures vanquished

Notes
Turn   | Place    | Note
-------+----------+-------------------------------------------
     0 | D:1      | knot the Demonspawn Berserker began the quest for the Orb.
     0 | D:1      | Reached XP level 1. HP: 18/18 MP: 1/1
   296 | D:1      | Reached skill level 3 in Axes
   319 | D:1      | Found a faded altar of an unknown god.
   328 | D:1      | Gained mutation: You have an unusually large brain. (Int
                  | +2) [demonic ancestry]
   328 | D:1      | Reached XP level 2. HP: 16/24 MP: 2/2
  1226 | D:2      | Found a burning altar of Makhleb.
  1318 | D:2      | Reached XP level 3. HP: 18/29 MP: 3/3
  1318 | D:2      | Reached ** piety under Trog
  1319 | D:2      | Reached skill level 4 in Axes
  2347 | D:2      | Gained mutation: You have an extremely huge brain. (Int +4)
                  | [demonic ancestry]
  2347 | D:2      | Reached XP level 4. HP: 23/35 MP: 4/4
  2711 | D:3      | Noticed a phantom
  2729 | D:3      | Killed a phantom
  2730 | D:3      | Reached skill level 5 in Axes
  2730 | D:3      | Gained mutation: You have sharp fingernails. [demonic
                  | ancestry]
  2730 | D:3      | Reached XP level 5. HP: 19/41 MP: 5/5
  3163 | D:3      | Found a sparkling altar of Nemelex Xobeh.
  3177 | D:3      | Reached skill level 6 in Axes
  3726 | D:3      | Found a stormy altar of Qazlal.
  3993 | D:4      | Found a shimmering blue altar of Sif Muna.
  3999 | D:4      | Gained mutation: You have an absolutely massive brain. (Int
                  | +6, Wiz) [demonic ancestry]
  3999 | D:4      | Reached XP level 6. HP: 42/47 MP: 6/6
  5122 | D:5      | Entered Level 5 of the Dungeon
  5139 | D:5      | Noticed a water moccasin
  5153 | D:5      | Noticed a dream sheep
  5153 | D:5      | Noticed a dream sheep
  5153 | D:5      | Noticed a dream sheep
  5153 | D:5      | Noticed a dream sheep
  5153 | D:5      | Noticed a dream sheep
  5153 | D:5      | Found a shimmering altar of Xom.
  5160 | D:5      | Reached skill level 7 in Axes
  5160 | D:5      | Gained mutation: You have very sharp fingernails. [demonic
                  | ancestry]
  5160 | D:5      | Reached XP level 7. HP: 43/52 MP: 7/7
  5163 | D:5      | Killed a dream sheep
  5163 | D:5      | Killed a dream sheep
  5163 | D:5      | Killed a dream sheep
  5163 | D:5      | Killed a dream sheep
  5165 | D:5      | Killed a dream sheep
  5175 | D:5      | Reached skill level 8 in Axes
  5437 | D:5      | Noticed Ijyb
  5482 | D:5      | Killed Ijyb
  5483 | D:5      | Reached skill level 9 in Axes
  5483 | D:5      | Reached XP level 8. HP: 58/58 MP: 8/8
  5678 | D:5      | Found a sand-covered staircase.
  5689 | Ossuary  | Entered an ossuary
  5730 | Ossuary  | Slain by a mummy

Illustrated notes

Levels and vault maps discovered:
D:1:      mrwooster_arrival_statue_2, layout_basic,
          ebering_ecumenical_altar_mist, minmay_lizard_pond
D:2:      layout_rooms, basic_altar
D:3:      layout_basic, nicolae_qazlal_eye_of_the_storm, lemuel_crystal_altar,
          moated_statue
D:4:      layout_basic, nicolae_overflow_crystal_walls, serial_bayou_lake_a
D:5:      layout_rooms, kb_xom_exploding_sheep, ashenzari_altar_1,
          gup_ossuary_entry_pyramid, dk_noncrumbling_3, uniq_pikel, uniq_ijyb
Ossuary:  ossuary_zaba_flooded

Skill      XL: |  1  2  3  4  5  6  7 |
---------------+----------------------+-----
Axes           | 3 4 5 6 7 9 |  9.1
Fighting       | |  3.0
Armour         | |  1.7
Dodging        | |  1.7

Action                   |  1- 3 |  4- 6 |  7- 9 || total
-------------------------+-------+-------+-------++-------
Melee: Hand axe          |    80 |   135 |    39 ||   254
       Punch             |     3 |     1 |       ||     4
Throw: Dart              |     4 |       |       ||     4
       Stone             |     1 |       |       ||     1
Invok: Berserk           |     4 |     5 |     4 ||    13
       Trog's Hand       |       |     1 |     2 ||     3
Evoke: Wand              |       |     3 |    12 ||    15
  Use: Scroll            |       |     8 |       ||     8
       Potion            |       |     3 |       ||     3
 Stab: Sleeping          |     1 |       |       ||     1
Armor: Animal skin       |    14 |       |       ||    14
       Ring mail         |     1 |    53 |    16 ||    70
Dodge: Dodged            |    52 |   101 |    73 ||   226

Table legend: (Time is in decaauts)
 A = Elapsed time spent in this place.
 B = Non-inter-level travel time spent in this place.
 C = Inter-level travel time spent in this place.
 D = Time resting spent in this place.
 E = Time spent auto-exploring this place.
 F = Levels seen in this place.
 G = Mean time per level.
                   A        B        C        D        E       F      G
               +--------+--------+--------+--------+--------+-----+--------+
         Total |   5897 |   5726 |    171 |   1753 |   3258 |   6 |  982.8 |
       Dungeon |   5841 |   5670 |    171 |   1741 |   3258 |   5 | 1168.2 |
       Ossuary |     55 |     55 |      0 |     12 |      0 |   1 |   55.0 |
               +--------+--------+--------+--------+--------+-----+--------+

Top non-repeatable levels by time:
     D:3: 1421 daAuts
     D:2: 1367 daAuts
     D:1: 1239 daAuts
     D:4: 1232 daAuts
     D:5: 579 daAuts
 Ossuary: 55 daAuts
